 Dungeon Crawl Stone Soup version 0.30-a0-1075-gcd70e7a56d (webtiles) character file.

Game seed: 18103153246920723510

753 kae the Cleaver (level 7, -8/57 HPs)
             Began as a Hill Orc Fighter on Apr 14, 2023.
             Was a Follower of Qazlal.
             Mangled by Pikel
             ... wielding a +2 whip of electrocution
              (13 damage)
             ... on level 5 of the Dungeon.
             The game lasted 00:02:15 (2904 turns).

kae the Cleaver (Hill Orc Fighter)                  Turns: 2904, Time: 00:02:15

Health: -8/57      AC:  8    Str: 21    XL:     7   Next: 78%
Magic:  0/7        EV:  9    Int:  8    God:    Qazlal [*.....]
Gold:   199        SH:  6    Dex: 10    Spells: 6/6 levels left

rFire   . . .      SeeInvis .    a - +1 war axe
rCold   . . .      Faith    .    c - +0 buckler
rNeg    . . .      Spirit   +    b - +0 scale mail
rPois   .          Reflect  .    m - +0 helmet
rElec   .          Rampage  .    (no cloak)
rCorr   .                        (no gloves)
Will    .....                    (no boots) Stlth
                                 G - amulet of guardian spirit
HPRegen 0.29/turn                (no ring)
MPRegen 0.10/turn                (no ring)

@: no status effects
A: no striking features
a: Renounce Religion


You were on level 5 of the Dungeon.
You worshipped Qazlal.
Qazlal was aware of your devotion.
You visited 1 branch of the dungeon, and saw 5 of its levels.

You collected 199 gold pieces.


   Skills:
 - Level 3.6 Fighting
 + Level 11.2 Axes
 - Level 3.2 Armour
 - Level 3.2 Shields


You had 6 spell levels left.
You didn't know any spells.
Your spell library contained the following spells:

 Spells                   Type           Power      Damage    Failure   Level
 Necrotise                Necr           0%         1d4       83%         1
 Ignite Poison            Fire/Tmut/Pois 0%         N/A       99%         3
 Inner Flame              Hex/Fire       0%         N/A       99%         3
 Vampiric Draining        Necr           0%         2d6       99%         3
 Flame Wave               Conj/Fire      0%         2d4       100%        4
 Sticky Flame             Conj/Fire      0%         2d3       100%        4
 Agony                    Necr           0%         N/A       100%        5
 Ignition                 Fire           0%         3d3       100%        8

Inventory:

Hand Weapons
 a - a +1 war axe (weapon)
Missiles
 e - 6 poisoned darts (quivered)
 h - 34 stones
Armour
 b - a +0 scale mail (worn)
 c - a +0 buckler (worn)
 m - a +0 helmet (worn)
   (You took it off Robin on level 2 of the Dungeon)
Magical Staves
 l - a staff of death {!a}
   (You found it on level 3 of the Dungeon)
Jewellery
 C - a ring of ice
   (You found it on level 2 of the Dungeon)
 E - a +5 ring of evasion
   (You found it on level 3 of the Dungeon)
 G - an amulet of guardian spirit (around neck)
   (You found it on level 2 of the Dungeon)
Scrolls
 g - a scroll of brand weapon {unknown}
 p - a scroll of silence {unknown}
Potions
 d - a potion of might
 f - 2 potions of cancellation {unknown}
 i - 3 potions of curing {@q1}
 j - 4 potions of heal wounds {unknown}
 k - a potion of degeneration {unknown}
 n - a potion of flight {unknown}
 o - a potion of magic {unknown}

Dungeon Overview and Level Annotations

Branches:
Dungeon (5/15) Zot: 26818  Temple (0/1) D:5

Altars:
Cheibriados
Dithmenos
Fedhas
Gozag
Nemelex Xobeh
Qazlal
Uskayaw
Vehumet
Wu Jian
Xom

Shops:
D:3 !

Annotations:
D:5 Pikel

##..# # ####.^.
. ......# ##.
#.##..# #..
#<##..# #5K#
#.##..###.#
#...
#.......[.#
#.5#####..#####
#.555K@...#
##.#####.##
.........#
###.#####.# #.
#....### #.
#.##...# >. #
#.#.# #s #.#.#
#.#.#


You could see Pikel and 4 lemures.


Message History

You take 1 damage, and now have 34/57 hp.
You hit the iguana but do no damage. The iguana barely misses you. 😮 HP[+1]
You closely miss the iguana. The iguana bites you. 😮 HP[-1]
You take 1 damage, and now have 34/57 hp.
You slash the iguana!
You kill the iguana!
Qazlal accepts your kill.
You see here an iguana corpse. 😮 HP[+1]
You enter the shallow water.
Moving in this stuff is going to be slow.
Unknown command.
Key pressed, stopping explore.
i - 3 potions of curing {@q1} (gained 1)
You enter the shallow water.
Moving in this stuff is going to be slow.
f - 2 clear potions 😎 HP[+22] MP[+1]
Your hp is fully restored (57).
Your mp is fully restored (7).
Unknown command.
g - a scroll labelled PANWEU RAISAC
p - a scroll labelled SOAGAA BOOTE
Found a stone staircase leading up.
A lemure comes into view.
The lemure shouts!
You hear a shout! x2
The lemure moves out of view.
You hear a shout!
Pikel and 2 lemures come into view.
Pikel is wielding a +2 whip of electrocution.
Found a stone staircase leading down.
Pikel shouts!
The lemure shouts!
A scorpion comes into view.
The lemure moves out of view.
You aren't carrying any items that you can evoke.
Pikel says, "Time is money, and you're costing me too much!"
You barely miss Pikel. Pikel barely misses you.
You closely miss Pikel. You block Pikel's attack.
A lemure comes into view.
The lemure shouts!
You slash Pikel! Pikel hits you but does no damage.
You are electrocuted!
You closely miss Pikel.
Pikel closely misses you. 😕 HP[-13] MP[-2]
You take 13 damage, and now have 44/57 hp.
MASSIVE DAMAGE!! (PAUSE)
You lost 2 mp, and now have 5/7 mp.
You barely miss Pikel. You block Pikel's attack.
Unknown command.
You hit Pikel. Pikel barely misses you. 😕 HP[+1]
You hit Pikel.
Pikel hits you with a +2 whip of electrocution. 😕 HP[-2] MP[-1]
You take 2 damage, and now have 43/57 hp.
You lost 1 mp, and now have 4/7 mp.
Unknown command.
You barely miss Pikel. Pikel completely misses you.
You hit Pikel but do no damage.
Pikel hits you with a +2 whip of electrocution. 😮 HP[-3] MP[-1]
You take 3 damage, and now have 40/57 hp.
You lost 1 mp, and now have 3/7 mp.
You barely miss Pikel.
Pikel hits you with a +2 whip of electrocution. 😮 HP[-3]
You take 3 damage, and now have 37/57 hp.
Unknown command.
You closely miss Pikel.
Pikel hits you with a +2 whip of electrocution. 😮 HP[-2]
You take 2 damage, and now have 35/57 hp.
You hit Pikel.
Pikel hits you with a +2 whip of electrocution. 😮 HP[-5] MP[-1]
You take 5 damage, and now have 30/57 hp.
You lost 1 mp, and now have 2/7 mp.
You closely miss Pikel.
Pikel hits you with a +2 whip of electrocution.
* * * LOW HITPOINT WARNING * * *
😨 HP[-3]
You take 3 damage, and now have 27/57 hp.
Unknown command.
You hit Pikel. Pikel barely misses you.
You slash Pikel!
Pikel hits you with a +2 whip of electrocution!
* * * LOW HITPOINT WARNING * * *
You are electrocuted!
* * * LOW HITPOINT WARNING * * *
You hit Pikel.
You block Pikel's attack. 😱 HP[-17] MP[-1]
You take 17 damage, and now have 10/57 hp.
MASSIVE DAMAGE!! (PAUSE)
You lost 1 mp, and now have 1/7 mp.
You closely miss Pikel.
Pikel hits you with a +2 whip of electrocution.
* * * LOW HITPOINT WARNING * * *
You are electrocuted!
You die...

Skill      XL: |  1  2  3  4  5  6  7 |
---------------+----------------------+-----
Axes           | 3 4 5 7 8 9 11 | 11.2
Fighting       | |  3.6
Armour         | |  3.2
Shields        | |  3.2

Action                     |  1- 3 |  4- 6 |  7- 9 || total
---------------------------+-------+-------+-------++-------
  Melee: War axe           |    76 |   138 |    54 ||   268
    Use: Scroll            |     2 |     2 |     2 ||     6
 Armour: Scale mail        |    37 |    70 |    14 ||   121
  Dodge: Dodged            |    34 |    85 |    29 ||   148
  Block: Buckler           |    17 |    29 |     7 ||    53

Levels and vault maps discovered:
D:1:      lightli_arrival_chessboard, layout_basic,
          ebering_ecumenical_altar_box, kennysheep_another_room
D:2:      layout_basic, uniq_robin
D:3:      layout_loops_cross, nicolae_overflows_in_rows, serial_shops,
          nicolae_shop_statue_plus, minmay_misc_feat_tower
D:4:      layout_basic
D:5:      layout_loops_ring, minmay_temple_entry_water_ring,
          dreamdust_mushroom_princess, uniq_pikel

Notes
Turn   | Place    | Note
-------+----------+-------------------------------------------
     0 | D:1      | kae the Hill Orc Fighter began the quest for the Orb.
     0 | D:1      | Reached XP level 1. HP: 19/19 MP: 1/1
     0 | D:1      | magus.rc [v1.11.3]
   138 | D:1      | Reached skill level 3 in Axes
   200 | D:1      | Reached XP level 2. HP: 26/26 MP: 2/2
   239 | D:1      | Reached skill level 4 in Axes
   258 | D:1      | Found a faded altar of an unknown god.
   314 | D:1      | Reached XP level 3. HP: 31/31 MP: 3/3
   613 | D:2      | Reached skill level 5 in Axes
   646 | D:2      | Noticed Robin
   662 | D:2      | Killed Robin
   663 | D:2      | Reached XP level 4. HP: 26/39 MP: 4/4
  1100 | D:3      | Reached skill level 6 in Axes
  1309 | D:3      | Found Xiadwuckeu's Distillery.
  1431 | D:3      | Found a radiant altar of Vehumet.
  1431 | D:3      | Found a stormy altar of Qazlal.
  1432 | D:3      | Found a blossoming altar of Fedhas.
  1433 | D:3      | Found a shimmering altar of Xom.
  1434 | D:3      | Found an opulent altar of Gozag.
  1437 | D:3      | You pick up a book of Necromancy and begin reading...
  1437 | D:3      | You add the spells Necrotise, Vampiric Draining and Agony
                  | to your library.
  1440 | D:3      | Found a hide-covered altar of Uskayaw.
  1440 | D:3      | Found a sparkling altar of Nemelex Xobeh.
  1441 | D:3      | Found a shadowy altar of Dithmenos.
  1441 | D:3      | Found an ornate altar of the Wu Jian Council.
  1442 | D:3      | Found a snail-covered altar of Cheibriados.
  1445 | D:3      | Became a worshipper of Qazlal Stormbringer
  1450 | D:3      | You pick up a book of Flames and begin reading...
  1450 | D:3      | You add the spells Inner Flame, Sticky Flame and Flame Wave
                  | to your library.
  1856 | D:4      | Noticed a scorpion
  1862 | D:4      | Killed a scorpion
  1863 | D:4      | Reached skill level 7 in Axes
  1863 | D:4      | Reached XP level 5. HP: 36/45 MP: 5/5
  1982 | D:4      | Noticed a phantom
  2001 | D:4      | Killed a phantom
  2002 | D:4      | Reached skill level 8 in Axes
  2002 | D:4      | Reached XP level 6. HP: 47/51 MP: 4/6
  2044 | D:4      | You add the spells Ignite Poison and Ignition to your
                  | library.
  2149 | D:4      | HP: 6/51 [ogre/+0 giant club (26)]
  2151 | D:4      | Reached skill level 9 in Axes
  2450 | D:4      | Reached XP level 7. HP: 45/57 MP: 4/7
  2528 | D:4      | Reached skill level 10 in Axes
  2725 | D:5      | Entered Level 5 of the Dungeon
  2725 | D:5      | Found a staircase to the Ecumenical Temple.
  2734 | D:5      | Reached * piety under Qazlal
  2740 | D:5      | Reached skill level 11 in Axes
  2880 | D:5      | Noticed Pikel
  2902 | D:5      | HP: 9/57 [Pikel/+2 whip of electrocution (11)]
  2904 | D:5      | Mangled by Pikel

Vanquished Creatures
  An ogre (D:4)
  A black bear (D:4)
  2 phantoms
  A scorpion (D:4)
  2 howler monkeys (D:4)
  2 hounds
  An orc priest (D:4)
  2 iguanas (D:5)
  An orc wizard (D:4)
  Robin (D:2)
  2 adders
  A worm (D:5)
  A dart slug (D:4)
  11 orcs
  7 ball pythons
  8 endoplasms
  2 giant cockroaches (D:3)
  14 goblins
  8 hobgoblins
  7 jackals
  6 quokkas
  4 bats
  3 frilled lizards
  6 kobolds
  6 rats
100 creatures vanquished.

Vanquished Creatures (others)
  7 fungi (D:5)
7 creatures vanquished.

Grand Total: 107 creatures vanquished

Table legend:
 A = Non-vault XP
 B = Vault XP
 C = Vault XP percentage of total XP
 D = Non-vault monster count
 E = Vault monster count
 F = Vault count percentage of total count
                 A         B        C        D         E       F
            +---------+---------+-------+---------+---------+-------
      Total |    1039 |      37 |   3.4 |      87 |      13 |  13.0
            +---------+---------+-------+---------+---------+-------
        D:1 |      44 |       0 |   0.0 |      25 |       0 |   0.0
        D:2 |      26 |      37 |  58.7 |      15 |      13 |  46.4
        D:3 |      36 |       0 |   0.0 |      15 |       0 |   0.0
        D:4 |     689 |       0 |   0.0 |      23 |       0 |   0.0
        D:5 |     244 |       0 |   0.0 |       9 |       0 |   0.0
            +---------+---------+-------+---------+---------+-------

Illustrated notes

Table legend:
 A = Kills in this place as a percentage of kills in the entire game.
 B = Kills by you in this place as a percentage of kills by you in the entire game.
 C = Kills by friends in this place as a percentage of kills by friends in the entire game.
 D = Other kills in this place as a percentage of other kills in the entire game.
 E = Experience gained in this place as a percentage of experience gained in the entire game.
 F = Experience gained in this place divided by the number of levels of this place that you have seen.
                   A       B       C       D       E      F
               +-------+-------+-------+-------+-------+----------------------
         Total | 100.0 | 100.0 |   N/A |   N/A | 100.0 | 215.2
       Dungeon | 100.0 | 100.0 |   N/A |   N/A | 100.0 | 215.2
               +-------+-------+-------+-------+-------+----------------------

Table legend: (Time is in decaauts)
 A = Elapsed time spent in this place.
 B = Non-inter-level travel time spent in this place.
 C = Inter-level travel time spent in this place.
 D = Time resting spent in this place.
 E = Time spent auto-exploring this place.
 F = Levels seen in this place.
 G = Mean time per level.
                   A        B        C        D        E       F      G
               +--------+--------+--------+--------+--------+-----+--------+
         Total |   2954 |   2841 |    113 |     92 |   2214 |   5 |  590.8 |
       Dungeon |   2954 |   2841 |    113 |     92 |   2214 |   5 |  590.8 |
               +--------+--------+--------+--------+--------+-----+--------+

Top non-repeatable levels by time:
     D:4: 894 daAuts
     D:3: 789 daAuts
     D:2: 573 daAuts
     D:1: 517 daAuts
     D:5: 180 daAuts
